 Dungeon Crawl Stone Soup version 0.25.1-2-g60ff931df9 (webtiles) character file.

Game seed: 11901759925918262199

13 Allula97 the Insei (level 2, 0/18 HPs)
             Began as an Octopode Transmuter on Nov 14, 2020.
             Slain by a bat (1 damage)
             ... on level 1 of the Dungeon.
             The game lasted 00:02:03 (230 turns).

Allula97 the Insei (Octopode Transmuter)             Turns: 230, Time: 00:02:04

Health: 0/18       AC:  1    Str:  9    XL:     2   Next: 37%
Magic:  4/5        EV: 13    Int: 15    God:
Gold:   55         SH:  0    Dex:  8    Spells: 4/5 levels left

rFire    + . .     SeeInvis .     - Unarmed
rCold    . . .     Gourm    .   (no shield)
rNeg     . . .     Faith    .   (helmet restricted)
rPois    .         Spirit   .   (no amulet)
rElec    .         Reflect  .   b - ring of protection from fire
rCorr    .         Harm     .   d - -4 ring of dexterity (curse)
MR       .....                  (no ring)
Stlth    ++........             (no ring)
HPRegen  0.06/turn              (no ring)
MPRegen  0.09/turn              (no ring)
                                (no ring)
                                (no ring)

@: appendage
A: almost no armour, stealthy swim, amphibious, 8 rings, constrict 8, tentacle
spike 3, camouflage 1, gelatinous body 1
a: End Transformation


You were on level 1 of the Dungeon.
You were not hungry.
One of your tentacles had a temporary spike.
You visited 1 branch of the dungeon, and saw 1 of its levels.

You collected 55 gold pieces.

Inventory:

Missiles
 a - 36 arrows
Jewellery
 b - a ring of protection from fire (left tentacle)
 d - a cursed -4 ring of dexterity (right tentacle)
Scrolls
 e - a scroll of remove curse {unknown}
Comestibles
 c - 3 rations
 f - 2 chunks of flesh


   Skills:
 * Level 1.3 Fighting
 * Level 2.2 Dodging
 + Level 0.5 Stealth
 * Level 3.1 Unarmed Combat
 + Level 2.0 Spellcasting
 * Level 2.2 Transmutations


You had 4 spell levels left.
You knew the following spells:

 Your Spells              Type           Power        Failure   Level  Hunger
a - Beastly Appendage     Tmut           #.....       9%          1    #......

Your spell library contained the following spells:

 Spells                   Type           Power        Failure   Level  Hunger
 Sticks to Snakes         Tmut           #.......     13%         2    ###....
 Spider Form              Tmut/Pois      #.........   38%         3    ###....
 Ice Form                 Ice/Tmut       #.......     80%         4    #####..
 Blade Hands              Tmut           #.........   94%         5    ######.


Dungeon Overview and Level Annotations

Branches:
Dungeon (1/15)

Altars:


Innate Abilities, Weirdness & Mutations

You cannot wear most types of armour.
You are very stealthy in the water. (Stealth+)
You are amphibious.
You can wear up to eight rings at the same time.
You can use your tentacles to constrict eight enemies at once.
Your skin changes colour to match your surroundings (Stealth+).
Your rubbery body absorbs attacks. (AC +1, EV +1)
One of your tentacles bears a large vicious spike.


Message History

You barely miss the bat. Your grab misses the bat.
You pierce the bat.
The bat is moderately wounded.
The bat closely misses you. The bat misses you.
The frilled lizard hisses.
You closely miss the bat. You grab the bat.
Your tentacle spike misses the bat.
The bat is moderately wounded.
You constrict the bat. The bat hits you but does no damage. The bat hits you.
* * * LOW HITPOINT WARNING * * *
You tentacle-slap the bat but do no damage.
The bat is heavily wounded.
You constrict the bat. The bat closely misses you.
The bat struggles to escape constriction.
The bat hits you.
* * * LOW HITPOINT WARNING * * *
The bat closely misses you.
You tentacle-slap the bat but do no damage.
You pierce the bat.
You kill the bat!
The bat hits you.
You die...

.............'...............
.............#...............
.............#...............
#...........#...†...........
#.........#...............
##..l..rgl#..........#####
##.†###ll#)......÷÷...[..
#.## ##†#(.............. #†.#
#@b#######.#...... #.## ##.#
#.#...... rg #.## #.#......
... #..# #.#...... .... ##.##
#.#...... ###.. #..#
###+#...... ...
##.###..........
#..##....###### ##.##....#
####


You could see a leopard gecko, a hobgoblin, a bat, 2 frilled lizards and a rat.

Vanquished Creatures
  A ball python (D:1)
  4 bats (D:1)
  A giant cockroach (D:1)
  2 hobgoblins (D:1)
  A kobold (D:1)
  A frilled lizard (D:1)
  A rat (D:1)
11 creatures vanquished.

Notes
Turn   | Place    | Note
-------+----------+-------------------------------------------
     0 | D:1      | Allula97 the Octopode Transmuter began the quest for the
                  | Orb.
     0 | D:1      | Reached XP level 1. HP: 13/13 MP: 3/3
    84 | D:1      | Reached XP level 2. HP: 14/18 MP: 3/5
   230 | D:1      | Slain by a bat

Illustrated notes

Levels and vault maps discovered:
D:1:      wander_arrival_lonely_grave, layout_basic, minmay_heptomino_w4

Action                   || total
-------------------------++-------
Melee: Unarmed           ||    26
       Constrict         ||     6
       Kick              ||     6
       Tentacles         ||     4
 Cast: Beastly Appendage ||     4
  Use: Scroll            ||     3
 Stab: Sleeping          ||     1
Armor: Skin              ||    14
Dodge: Dodged            ||    39
